AoeStats
← Pete Rysel

Golden Pit

509433703Analyzed
1v1 RM · 6d ago on Sep 26, 2026· 39m 43s· 2 players
Game mode
Random Map
Map size
Tiny (2 player)
Population
200
Speed
Normal
Resources
Standard
Victory
Conquest
Starting age
Dark Age
Ending age
Imperial Age
RankedLock teamsTeams togetherTeam positionsShared explorationLock speedFull tech treeHidden civsTurbo modeCheats
Victory
Defeat
🇨🇭 Armenians · Switzerland
829
+17
🇨🇿 Aztecs · Czechia
859
-17
Pete Rysel
7:15 Loom
9:36 Feudal Age
10:34 Man-at-Arms
12:04 Double-Bit Axe
13:38 Arson
14:54 Scale Mail Armor
15:16 Horse Collar
16:55 Forging
17:21 Long Swordsman
21:40 Castle Age
21:35 Stone Mining
22:35 Bow Saw
24:36 Iron Casting
25:43 Heavy Plow
26:35 Two-Handed Swordsman
27:47 Squires
31:00 Chain Mail Armor
34:32 Imperial Age
32:51 Wheelbarrow
32:07 Town Watch
32:18 Gambesons
32:33 Gambesons
33:15 Champion
34:44 Gold Mining
36:14 Gold Shaft Mining
36:26 Plate Mail Armor
36:34 Conscription
37:50 Chemistry
36:50 Heated Shot
37:46 Fletching
40:18 Ballistics
39:54 Murder Holes
cumpi3
0:29 Loom
12:19 Feudal Age
17:26 Castle Age
28:59 Double-Bit Axe
30:04 Horse Collar
30:18 Gold Mining
30:48 Gambesons
31:34 Stone Mining
32:49 Scale Mail Armor
32:59 Forging
33:50 Squires
33:36 Arson
34:16 Chain Mail Armor
35:22 Iron Casting
Connection lost

Rejoining the realm…

Still unreachable

The connection could not be restored.

Session expired

The server has moved on; the page needs a fresh start.